 Dungeon Crawl Stone Soup version 0.23-a0-677-g07611c5 (webtiles) character file.

431 Blackhawk the Skirmisher (level 6, -3/49 HPs)
             Began as a Demonspawn Fighter on Jan 9, 2019.
             Slain by a gnoll
             ... wielding a cursed -1 spear
              (5 damage)
             ... on level 4 of the Dungeon.
             The game lasted 00:05:19 (3837 turns).

Blackhawk the Skirmisher (Demonspawn Fighter)       Turns: 3837, Time: 00:05:20

Health: -3/49      AC: 10    Str: 19    XL:     6   Next: 67%
Magic:  6/6        EV:  7    Int:  9    God:
Gold:   210        SH:  9    Dex: 12    Spells: 5/5 levels left

rFire    . . .     SeeInvis .   a - +0 war axe
rCold    . . .     Gourm    .   c - +0 shield
rNeg     . . .     Faith    .   b - +0 scale mail
rPois    .         Spirit   .   j - +2 hat
rElec    .         Reflect  .   (no cloak)
rCorr    .         Harm     .   (no gloves)
MR       .....                  h - +0 pair of boots
Stlth    ..........             (no amulet)
HPRegen  0.16/turn              (no ring)
MPRegen  0.10/turn              (no ring)

@: lethally poisoned (-3 -> -19), flying
A: antennae 1, demonic guardian 2, powered by pain 1
a: no special abilities


You were on level 4 of the Dungeon.
You were not hungry.

You visited 2 branches of the dungeon, and saw 5 of its levels.

You collected 210 gold pieces.

Inventory:

Hand Weapons
 a - a +0 war axe (weapon)
Missiles
 v - 2 throwing nets (quivered)
Armour
 b - a +0 scale mail (worn)
 c - a +0 shield (worn)
 h - a +0 pair of boots (worn)
 j - a +2 hat (worn)
Jewellery
 o - a +2 ring of evasion {unknown}
Wands
 x - a wand of random effects (5)
Scrolls
 g - 2 scrolls of identify {unknown}
 k - a scroll of blinking {unknown}
 l - 4 scrolls of remove curse {unknown}
 n - a scroll of immolation {unknown}
 p - a scroll of teleportation {unknown}
 q - a scroll of enchant armour {unknown}
 r - a scroll of amnesia {unknown}
 s - a scroll of enchant weapon {unknown}
 t - a scroll of fog {unknown}
Potions
 d - a potion of might
 e - 2 potions of flight
 i - 2 potions of magic {unknown}
 m - a potion of cancellation {unknown}
 u - 4 potions of curing {unknown}
 w - a potion of haste {unknown}
Comestibles
 f - 6 rations


   Skills:
 + Level 4.5 Fighting
 + Level 3.5 Axes
 + Level 4.2 Armour
 + Level 4.1 Shields


You had 5 spell levels left.
You didn't know any spells.
Your spell library was empty.

Dungeon Overview and Level Annotations

Branches:
Dungeon (4/15)             Temple (1/1) D:4

Altars:
Ashenzari
Cheibriados
Dithmenos
Fedhas
Gozag
Makhleb
Nemelex Xobeh
Qazlal
Sif Muna
Trog
Uskayaw
Vehumet
Wu Jian
Xom
Yredelemnul
Zin
The Shining One

Annotations:
D:2 1 runed door


Innate Abilities, Weirdness & Mutations

You have a pair of small antennae on your head.
A demonic guardian rushes to your aid.
You sometimes gain a little power by taking damage.


Message History

You are more poisoned.
Your soul eater hits the gnoll!!
The gnoll dies!
The gnoll barely misses you. You block the gnoll's attack.
You barely miss the gnoll.
The gnoll is almost dead.
* * * LOW HITPOINT WARNING * * *
You feel very sick.
The gnoll hits you with a +2 halberd of venom.
* * * LOW HITPOINT WARNING * * *
The gnoll hits you but does no damage.
The gnoll hits you from afar with a +0 halberd.
* * * LOW HITPOINT WARNING * * *
It was a potion of flight.
You feel very buoyant.
You fly up into the air.
* * * LOW HITPOINT WARNING * * *
You feel sick. You block the gnoll's attack.
The gnoll hits you from afar with a cursed -1 spear.
You die...

....................
.####....#.#.#.##### .#
######.#.#.# #######
.#########.#.#.# .......
...............# .......
.#########.###.##.......
.# #......)gg..... .#
######)#....... .#
#3@g...... .# ..
##........ .# ....
.......#. .#.....####
###.###.# ............
...# ..
..#######...####..## <..
..+ ........##...#....
..# ##(. #.##.#.#...
..... .....#.#<.#..#.#


You could see 3 gnolls and a friendly soul eater.

Vanquished Creatures
  2 ogres (D:4)
  An orc wizard (D:3)
  A worker ant (D:4)
  7 gnolls
  7 adders
  4 worms
  A dart slug (D:2)
  2 leopard geckos
  7 orcs
  4 bats
  3 giant cockroaches
  15 goblins
  8 hobgoblins
  9 kobolds
  2 quokkas
  4 ball pythons
  3 frilled lizards
  A quokka skeleton (D:3)
  10 rats
91 creatures vanquished.

Vanquished Creatures (collateral kills)
  A gnoll sergeant (D:4)
  2 gnolls (D:4)
  An adder (D:4)
  An orc (D:4)
5 creatures vanquished.

Grand Total: 96 creatures vanquished

Notes
Turn   | Place    | Note
-------+----------+-------------------------------------------
     0 | D:1      | Blackhawk the Demonspawn Fighter began the quest for the
                  | Orb.
     0 | D:1      | Reached XP level 1. HP: 18/18 MP: 1/1
   270 | D:1      | Gained mutation: A weak demonic guardian rushes to your
                  | aid. [demonic ancestry]
   270 | D:1      | Reached XP level 2. HP: 24/24 MP: 2/2
   912 | D:2      | Gained mutation: A demonic guardian rushes to your aid.
                  | [demonic ancestry]
   912 | D:2      | Reached XP level 3. HP: 25/29 MP: 3/3
  1528 | D:2      | Gained mutation: You have a pair of small antennae on your
                  | head. [demonic ancestry]
  1528 | D:2      | Reached XP level 4. HP: 35/35 MP: 4/4
  1584 | D:2      | Found a shimmering altar of Xom.
  1773 | D:2      | Found a runed door.
  2488 | D:3      | Reached XP level 5. HP: 17/42 MP: 5/5
  3347 | D:4      | Noticed an ogre
  3353 | D:4      | Killed an ogre
  3353 | D:4      | Gained mutation: You sometimes gain a little power by
                  | taking damage. [demonic ancestry]
  3353 | D:4      | Reached XP level 6. HP: 40/48 MP: 6/6
  3419 | D:4      | Found a basalt altar of Yredelemnul.
  3566 | D:4      | Found a staircase to the Ecumenical Temple.
  3586 | Temple   | Entered the Ecumenical Temple
  3837 | D:4      | HP: 2/49 [poisoned by a gnoll]
  3837 | D:4      | Slain by a gnoll

Vault maps used:
D:1:      tarquinn_simple_flora_water_c, minmay_misc_feat_chi, minmay_bisected
D:2:      first_ration, tgw_xom, uniq_crazy_yiuf_cottage
D:4:      old_standard_altar, minmay_temple_entry_statues_fountains
Temple:   nicolae_temple_x_marks_the_god

Skill      XL: |  1  2  3  4  5  6 |
---------------+-------------------+-----
Axes           | 2 3 |  3.5
Armour         | 3 4 |  4.2
Shields        | 3 4 |  4.1
Fighting       | 4 |  4.5

Action                   |  1- 3 |  4- 6 || total
-------------------------+-------+-------++-------
Melee: War axe           |   105 |   185 ||   290
  Use: Potion            |       |     1 ||     1
 Stab: Distracted        |       |     1 ||     1
  Eat: Chunk             |     2 |     8 ||    10
Armor: Scale mail        |    83 |    97 ||   180
Dodge: Dodged            |    30 |    60 ||    90
Block: Shield            |    61 |   126 ||   187

Table legend:
 A = Non-vault XP
 B = Vault XP
 C = Vault XP percentage of total XP
 D = Non-vault monster count
 E = Vault monster count
 F = Vault count percentage of total count
                 A         B        C        D         E       F
            +---------+---------+-------+---------+---------+-------
      Total |     595 |      22 |   3.6 |      90 |       6 |   6.2
            +---------+---------+-------+---------+---------+-------
        D:1 |      25 |       3 |  10.7 |      15 |       2 |  11.8
        D:2 |     106 |      19 |  15.2 |      32 |       4 |  11.1
        D:3 |     164 |       0 |   0.0 |      27 |       0 |   0.0
        D:4 |     300 |       0 |   0.0 |      16 |       0 |   0.0
            +---------+---------+-------+---------+---------+-------
